Map: Rhoskallian LE

Players

qqq

  • Race: Terran Terran
  • League: Platinum
  • Spawn Location: 5:00

Massa

  • Race: Terran Terran
  • League: Platinum
  • Spawn Location: 6:00

ssgta

  • Race: Zerg Zerg
  • Spawn Location: 12:00

Filip

  • Race: Zerg Zerg
  • League: Platinum
  • Spawn Location: 11:00

VOD

Have the link to the VOD?

Description

Time

  • Played on: Sept. 29, 2020, 3:19 p.m.
  • Length: 14:06
Show
View Real Time Build Order
Export as new Build Order

qqq Terran 

Build Orders:  

Get SALT Encoding   

  12  0:00  SCV  
  13  0:12  SCV  
  14  0:20  Supply Depot  
  14  0:25  SCV  
  15  0:41  SCV  
  16  0:47  Barracks  
  16  0:52  Refinery  
  16  0:53  SCV  
  17  1:05  SCV  
  17  1:08  Refinery  
  18  1:18  SCV  
  19  1:30  SCV  
  20  1:36  Barracks, Supply Depot  
  20  1:41  Reaper  
  20  1:42  SCV  
  23  1:54  SCV  
  24  2:09  Orbital Command  
  24  2:13  Reaper  
  24  2:24  Barracks Reactor  
  24  2:34  Barracks  
  24  2:36  SCV  
  25  2:45  Reaper  
  25  2:48  SCV  
  27  3:04  SCV  
  28  3:08  Reaper  
  28  3:09  Reaper  
  30  3:15  Command Center  
  30  3:17  Reaper  
  31  3:23  Supply Depot  
  31  3:24  Barracks Tech Lab  
  30  3:40  Reaper  
  31  3:46  Factory  
  31  3:47  Reaper  
  34  3:48  Marauder  
  34  4:01  SCV  
  37  4:10  Marauder  
  37  4:13  Reaper, SCV  
  39  4:27  SCV, Supply Depot, Reaper  
  41  4:33  SCV  
  41  4:39  SCV  
  42  4:49  Factory Tech Lab  
  42  4:50  Supply Depot  
  42  4:53  Marauder  
  42  4:54  Marine x2  
  42  4:57  SCV  
  42  4:59  SCV  
  48  5:10  SCV  
  48  5:11  Starport  
  48  5:12  Supply Depot  
  49  5:15  Marauder  
  49  5:18  SCV  
  52  5:22  SCV  
  52  5:25  Siege Tank  
  56  5:30  SCV  
  57  5:55  Marauder, Marine x3  
  57  5:56  Command Center  
  62  6:00  Starport Tech Lab  
  61  6:05  Starport, SCV x2  
  63  6:17  SCV x2  
  65  6:21  Siege Tank  
  68  6:29  SCV  
  69  6:35  Liberator  
  69  6:38  SCV  
  73  6:41  SCV  
  74  6:48  Refinery  
  74  6:50  Refinery, SCV  
  74  6:53  SCV  
  75  6:55  Starport Tech Lab  
  75  7:13  Siege Tank  
  75  7:15  SCV  
  80  7:18  Banshee  
  80  7:21  Orbital Command  
  82  7:23  SCV  
  82  7:27  SCV  
  84  7:35  SCV  
  85  7:39  SCV  
  85  7:41  Banshee  
  89  7:51  SCV, Command Center  
  90  7:57  Cyclone  
  93  8:08  Factory  
  93  8:11  SCV  
  91  8:23  Supply Depot  
  91  8:25  Banshee  
  93  8:44  Banshee, Cyclone, SCV x2  
  93  8:46  Supply Depot  
  101  8:51  Cloaking Field  
  101  8:58  Factory Tech Lab  
  101  9:03  SCV x3, Marauder, Marine x3  
  101  9:08  Viking, Supply Depot  
  111  9:15  SCV x3  
  111  9:16  Cyclone  
  117  9:21  Cyclone, Marine x3  
  123  9:24  Marine  
  123  9:30  SCV x2  
  126  9:31  Supply Depot  
  126  9:38  Marine  
  126  9:42  SCV  
  128  9:46  Armory  
  128  9:48  Engineering Bay  
  128  9:49  Cyclone  
  130  9:54  Supply Depot  
  117  10:18  Supply Depot  
  117  10:19  Cyclone  
  117  10:21  Cyclone  
  123  10:22  Marauder, Marine x3  
  123  10:24  Banshee  
  123  10:25  Banshee  
  134  10:34  Planetary Fortress  
  134  10:40  Marine x3  
  134  10:41  Supply Depot  
  137  10:43  Marauder  
  137  10:48  Refinery  
  139  10:50  Refinery  
  139  10:52  Command Center  
  136  10:57  Marine x2  
  136  10:58  Marine  
  136  11:04  Marine, Supply Depot  
  136  11:07  Banshee  
  124  11:15  Marine x3  
  119  11:22  Marine  
  105  11:27  Thor x2  
  117  11:33  Marine  
  118  11:40  Marine  
  119  11:48  Viking  
  119  11:50  Viking  
  119  11:51  Marine x3  
  119  11:54  SCV  
  127  11:57  Marine  
  126  12:06  SCV  
  126  12:08  Marine  
  126  12:09  Marine x2, Thor  
  126  12:15  Marine, Siege Tank  
  137  12:17  Banshee  
  137  12:18  SCV  
  137  12:20  Barracks  
  137  12:21  Factory  
  142  12:26  Marine  
  142  12:27  Marine x2  
  142  12:28  Combat Shield  
  145  12:30  SCV  
  145  12:33  Marine  
  147  12:37  Planetary Fortress  
  147  12:42  SCV  
  147  12:43  Missile Turret  
  148  12:44  Marine  
  148  12:45  Marine x2  
  148  12:47  Siege Tank  
  148  12:51  Marine  
  125  13:02  Marine  
  121  13:07  Barracks  
  121  13:08  Thor  
  124  13:19  Siege Tank  
  125  13:23  Marine  
  125  13:24  Marine  
  125  13:25  Marine x3  
  102  13:42  Marine x4  
Show
View Real Time Build Order
Export as new Build Order

Massa Terran 

Build Orders:  

Get SALT Encoding   

  12  0:00  SCV  
  13  0:12  SCV  
  14  0:26  Supply Depot  
  14  0:28  SCV  
  15  0:48  SCV  
  16  0:50  Barracks  
  16  0:52  Refinery  
  16  1:00  SCV  
  17  1:06  Refinery  
  17  1:12  SCV  
  18  1:24  SCV  
  19  1:36  SCV  
  19  1:38  Reaper, Supply Depot  
  21  1:47  Barracks  
  21  1:51  Orbital Command  
  21  2:10  Reaper  
  21  2:12  Supply Depot  
  22  2:21  SCV  
  23  2:26  Factory  
  23  2:34  Barracks Reactor  
  23  2:43  Supply Depot  
  23  3:01  Reaper  
  23  3:33  Reaper  
  24  3:36  Reaper x2  
  26  3:48  SCV  
  27  3:49  Command Center  
  27  3:53  Factory Tech Lab  
  27  4:00  Starport, SCV  
  27  4:05  Reaper  
  27  4:08  Reaper x2  
  30  4:12  SCV  
  33  4:49  Marine x2  
  33  4:52  Barracks Tech Lab  
  32  4:56  Starport Tech Lab  
  32  5:01  Starport  
  32  5:06  Starport, Siege Tank  
  35  5:07  Marine x2  
  35  5:08  Orbital Command  
  35  5:10  SCV  
  38  5:22  SCV  
  38  5:23  Stimpack  
  38  5:25  Marauder, Marine x2  
  43  5:34  SCV  
  42  5:42  Marine x2  
  42  5:47  Marauder  
  45  6:00  Marine  
  45  6:03  SCV x2  
  48  6:07  Marine  
  48  6:10  Starport Tech Lab x2  
  48  6:11  Banshee  
  49  6:14  Cloaking Field  
  49  6:15  SCV x2  
  49  6:18  Marine  
  54  6:25  Marine  
  55  6:27  SCV  
  55  6:29  Viking  
  59  6:33  Medivac  
  59  6:36  Marine  
  60  7:03  Combat Shield  
  60  7:07  Refinery  
  60  7:09  Refinery  
  60  7:31  Marauder  
  62  7:59  SCV  
  62  8:01  Supply Depot  
  62  8:02  Supply Depot x2  
  62  8:04  Supply Depot  
  62  8:05  Supply Depot  
  62  8:20  Engineering Bay  
  62  8:21  Concussive Shells  
  62  8:22  Banshee, Siege Tank, SCV x2  
  62  8:23  Banshee, Marauder, Marine x2  
  62  8:24  Banshee  
  62  8:25  Supply Depot  
  80  8:27  Supply Depot  
  80  8:34  SCV x2  
  80  8:41  Marine x2  
  82  8:45  Marauder  
  82  8:46  SCV x2  
  88  8:59  SCV x2, Marine x2  
  92  9:03  Terran Infantry Armor Level 1  
  92  9:04  Command Center  
  92  9:05  Banshee, Engineering Bay  
  92  9:06  Banshee, Marauder  
  92  9:07  Banshee  
  92  9:09  Armory  
  103  9:11  SCV, Missile Turret  
  103  9:15  Missile Turret  
  104  9:48  Banshee  
  104  9:49  Banshee  
  71  10:37  Marauder  
  71  10:38  Marine x2  
  75  10:55  Marine  
  75  10:56  Marine  
  74  10:59  Marauder  
  76  11:13  Marine  
  76  11:14  Marine  
  78  11:20  SCV x2, Marauder  
  82  11:27  Viking  
  82  11:28  Viking x2  
  82  11:31  Marine  
  82  11:32  SCV x2, Marine  
  92  11:41  Marauder  
  92  11:44  SCV  
  92  11:45  SCV, Barracks x2  
  93  11:47  Barracks  
  93  11:48  Barracks  
  93  11:49  Barracks, Marine x2  
  95  11:54  Barracks  
  95  11:56  SCV  
  95  11:57  SCV  
  97  12:03  Marauder  
  97  12:07  Marine x2  
  98  12:08  SCV  
  98  12:09  SCV  
  100  12:24  Marauder, Marine  
  100  12:25  Marine  
  101  12:32  Command Center  
  101  12:37  Barracks  
  101  12:41  Barracks Tech Lab x2  
  101  12:42  Barracks Tech Lab x4, Marine  
  101  12:43  Marine  
  103  12:46  Marauder  
  105  12:58  Supply Depot  
  105  12:59  Supply Depot  
  105  13:00  Marine  
  105  13:01  Marine, Supply Depot  
  107  13:07  Marauder  
  107  13:09  Marine  
  107  13:10  Marauder  
  112  13:18  Marine x2  
  114  13:21  Supply Depot  
  114  13:22  Supply Depot  
  114  13:28  Marauder  
  115  13:36  Marine x2  
Show
View Real Time Build Order
Export as new Build Order

ssgta Zerg 

Build Orders: Hatch First 

Get SALT Encoding   

  12  0:01  Drone  
  13  0:09  Drone  
  14  0:18  Overlord  
  14  0:36  Drone x3  
  17  0:47  Drone  
  18  0:58  Drone  
  18  1:01  Hatchery  
  18  1:10  Drone  
  19  1:14  Extractor  
  18  1:20  Drone  
  18  1:23  Spawning Pool  
  18  1:30  Drone  
  19  1:40  Drone  
  20  1:48  Evolution Chamber  
  20  1:51  Drone  
  20  2:06  Drone  
  21  2:17  Queen  
  21  2:18  Queen  
  21  2:19  Spine Crawler  
  21  2:21  Roach Warren  
  23  2:24  Drone  
  25  2:30  Drone x2  
  26  2:42  Extractor  
  25  2:47  Zerg Ground Armor Level 1  
  25  3:02  Overlord, Roach  
  27  3:06  Drone  
  28  3:23  Spine Crawler  
  27  3:36  Roach x4  
  27  3:38  Overlord x2  
  35  3:44  Drone  
  36  3:58  Drone x4  
  40  4:05  Drone x2  
  40  4:06  Drone  
  44  4:17  Drone x3  
  44  4:22  Drone  
  44  4:23  Drone  
  48  4:24  Drone  
  49  4:42  Lair  
  49  4:43  Drone x3  
  49  4:44  Overlord  
  52  4:52  Overlord  
  52  4:54  Zerg Missile Weapons Level 1  
  52  5:15  Roach  
  52  5:16  Roach x7  
  52  5:18  Overlord  
  68  5:31  Evolution Chamber  
  68  5:33  Drone  
  68  5:54  Overlord x2  
  68  5:55  Glial Reconstitution  
  68  5:57  Zerg Ground Armor Level 2  
  69  6:04  Drone x4  
  69  6:05  Extractor, Overlord  
  69  6:06  Overlord  
  71  6:14  Hatchery  
  70  6:22  Ravager x4  
  74  6:30  Drone x3  
  74  6:31  Drone, Extractor  
  77  6:46  Roach x6  
  89  7:01  Drone  
  89  7:02  Infestation Pit  
  89  7:06  Ravager  
  90  7:17  Drone  
  90  7:18  Drone x5  
  96  7:28  Queen  
  96  7:29  Drone x6  
  105  7:30  Drone  
  105  7:36  Overlord x3  
  105  7:38  Zerg Missile Weapons Level 2  
  105  7:49  Spine Crawler  
  104  7:52  Drone x2  
  106  8:02  Hatchery, Spore Crawler  
  104  8:15  Spore Crawler  
  104  8:16  Spore Crawler  
  104  8:18  Drone x2, Spore Crawler  
  103  8:20  Spore Crawler  
  103  8:24  Drone x3  
  105  8:35  Hydralisk Den  
  105  8:37  Drone x2  
  106  8:45  Extractor  
  106  8:46  Extractor  
  104  8:50  Spore Crawler  
  104  8:52  Spore Crawler  
  102  9:05  Hive  
  102  9:11  Lurker Den  
  102  9:13  Grooved Spines  
  101  9:23  Drone x5  
  106  9:24  Overlord x4  
  106  9:32  Drone  
  106  9:33  Drone x15  
  122  9:42  Overlord x2  
  122  9:48  Spore Crawler  
  122  9:50  Spore Crawler  
  122  9:52  Spore Crawler  
  119  9:53  Spore Crawler  
  119  9:55  Spore Crawler x2  
  119  9:58  Spore Crawler  
  103  10:11  Hydralisk x9  
  103  10:12  Hydralisk  
  103  10:13  Roach x6  
  131  10:24  Muscular Augments  
  131  10:25  Roach x6  
  131  10:27  Queen  
  145  10:32  Adaptive Talons  
  143  10:37  Zerg Ground Armor Level 3  
  143  10:52  Extractor x2, Drone x3  
  143  10:53  Drone x2  
  138  11:14  Roach x13  
  138  11:15  Roach  
  146  11:29  Pneumatized Carapace  
  146  11:31  Overseer x5  
  138  11:45  Hydralisk  
  138  11:46  Hydralisk x6  
  150  11:59  Ravager x3  
  150  12:00  Ravager x3  
  156  12:02  Overlord x2  
  156  12:03  Roach  
  156  12:04  Roach x10  
  178  12:14  Drone x2  
  178  12:37  Spire  
  177  12:43  Overlord x2  
  171  13:11  Roach  
  171  13:12  Roach x13  
  188  13:35  Roach x2  
  188  13:36  Roach x4  
  190  13:48  Overlord  
Show
View Real Time Build Order
Export as new Build Order

Filip Zerg 

Build Orders: Hatch First 

Get SALT Encoding   

  12  0:06  Drone  
  13  0:15  Overlord  
  13  0:25  Drone  
  14  0:34  Drone x2  
  16  0:40  Drone  
  17  0:57  Hatchery  
  17  1:01  Drone  
  17  1:03  Drone  
  18  1:05  Extractor  
  17  1:11  Drone  
  18  1:23  Spawning Pool  
  17  1:30  Drone  
  18  1:33  Drone  
  19  2:14  Queen x2  
  19  2:15  Zergling x4  
  25  2:22  Evolution Chamber  
  24  2:24  Roach Warren  
  24  2:25  Drone  
  24  2:28  Drone x3  
  27  2:32  Drone  
  27  3:06  Zerg Missile Weapons Level 1  
  27  3:07  Overlord x3  
  28  3:27  Roach x3  
  28  3:28  Roach x2  
  28  3:30  Drone  
  39  3:40  Roach x2  
  41  3:57  Hatchery  
  40  4:04  Roach x2  
  40  4:06  Drone x4  
  40  4:07  Drone  
  49  4:14  Drone x2  
  51  4:47  Overlord x2  
  51  4:48  Overlord  
  51  4:49  Overlord  
  51  4:54  Lair  
  51  4:58  Evolution Chamber  
  51  4:59  Extractor, Drone x2  
  51  5:01  Extractor, Drone  
  51  5:05  Queen  
  53  5:19  Drone x2  
  53  5:20  Drone x4  
  53  5:21  Drone  
  60  5:25  Drone  
  61  6:00  Ravager  
  61  6:01  Ravager  
  61  6:02  Ravager  
  61  6:03  Ravager  
  65  6:06  Drone  
  65  6:07  Drone x8  
  74  6:40  Drone  
  74  6:41  Drone, Zerg Missile Weapons Level 2  
  74  6:43  Zerg Ground Armor Level 1  
  76  6:53  Roach  
  82  6:54  Roach x5  
  82  6:55  Drone  
  82  6:56  Drone  
  82  6:57  Overlord x3  
  82  6:58  Overlord x2  
  90  7:15  Queen  
  92  7:21  Nydus Network  
  91  7:34  Extractor  
  91  7:35  Drone  
  91  7:36  Drone x10, Extractor  
  100  7:48  Hatchery  
  99  8:05  Spore Crawler  
  99  8:10  Spore Crawler  
  97  8:14  Drone x3, Spore Crawler  
  97  8:15  Drone x3  
  97  8:18  Drone  
  97  8:19  Drone  
  104  8:22  Drone  
  104  8:23  Glial Reconstitution  
  105  8:49  Infestation Pit  
  105  8:51  Zerg Ground Armor Level 2  
  104  9:12  Roach  
  104  9:13  Roach x11  
  104  9:14  Overlord x5  
  104  9:15  Overlord x6  
  128  9:39  Roach x2  
  128  9:40  Roach x9  
  148  10:01  Roach  
  148  10:02  Roach x9  
  155  10:28  Ravager  
  154  10:35  Ravager  
  154  10:36  Ravager  
  154  10:37  Ravager  
  154  10:38  Ravager  
  154  10:39  Ravager, Overseer  
  154  10:41  Roach x8  
  154  10:42  Roach x4  
  157  11:08  Roach x8  
  166  11:14  Drone  
  166  11:15  Drone x3  
  166  11:19  Hive  
  166  11:27  Metabolic Boost  
  166  11:29  Hatchery  
  155  11:37  Drone x8  
  158  11:46  Roach  
  160  12:11  Overlord  
  158  12:17  Overseer  
  158  12:21  Pneumatized Carapace  
  158  12:23  Extractor  
  158  12:24  Roach  
  158  12:25  Extractor, Roach x17  
  190  12:50  Spore Crawler x2  
  190  12:51  Spore Crawler x2  
  187  12:53  Spore Crawler  
  187  12:54  Spore Crawler  
  187  12:56  Spore Crawler  
  187  12:57  Spore Crawler x2  
  187  12:58  Spore Crawler x2  
  180  13:04  Spore Crawler  
  178  13:06  Spore Crawler  
  177  13:17  Nydus Canal  
  177  13:19  Roach  
  189  13:20  Roach x10  
  199  13:47  Zergling x2  
  200  14:05  Hatchery  
Tags
 
Add a new tag
Caveats
  • Supply blocks, unpowered buildings, or Contaminate may cause inaccurate times.
  • Supply counts are checked every 10 seconds.